 Dungeon Crawl Stone Soup version 0.23.2-30-g0e89c35649 (webtiles) character file.

Game seed: 15377895933597161170

14 MalarOregon the Digger (level 2, -1/22 HPs)
             Began as a Ghoul Earth Elementalist on June 7, 2019.
             Slain by a leopard gecko (3 damage)
             ... on level 1 of the Dungeon.
             The game lasted 00:01:28 (604 turns).

MalarOregon the Digger (Ghoul Earth Elementalist)    Turns: 604, Time: 00:01:28

Health: -1/22      AC:  3    Str: 11    XL:     2   Next: 41%
Magic:  4/4        EV: 12    Int: 10    God:
Gold:   15         SH:  0    Dex:  9    Spells: 4/5 levels left

rFire    . . .     SeeInvis .   (no weapon)
rCold    + . .     Gourm    .   (no shield)
rNeg     + + +     Faith    .   c - +0 robe
rPois    ∞         Spirit   .   (no helmet)
rElec    .         Reflect  .   (no cloak)
rCorr    .         Harm     .   f - +0 pair of gloves
MR       .....                  (no boots)
Stlth    ++........             (no amulet)
HPRegen  0.00/turn              (no ring)
MPRegen  0.09/turn              (no ring)

@: rotting
A: rotting body, claws 1, carnivore, cold resistance 1, negative energy
resistance 3, inhibited regeneration, torment resistance, unbreathing
a: no special abilities


You were on level 1 of the Dungeon.
You were not hungry.

You visited 1 branch of the dungeon, and saw 1 of its levels.

You collected 15 gold pieces.

Inventory:

Missiles
 b - 30 stones (quivered)
Armour
 c - a +0 robe (worn)
 f - a +0 pair of gloves (worn)
   (You found it on level 1 of the Dungeon)
Scrolls
 a - a scroll of teleportation {unknown}
Comestibles
 d - 3 chunks of flesh
 e - 2 rations {!d}


   Skills:
 * Level 0.9 Fighting
 + Level 1.9 Dodging
 + Level 2.3 Stealth
 * Level 2.0 Spellcasting
   Level 0.8 Transmutations
 * Level 3.5 Earth Magic


You had 4 spell levels left.
You knew the following spells:

 Your Spells              Type           Power        Failure   Level  Hunger
a - Sandblast             Erth           #.....       8%          1    ##.....

Your spell library contained the following spells:

 Spells                   Type           Power        Failure   Level  Hunger
 Passwall                 Tmut/Erth      #.......     19%         2    ###....
 Stone Arrow              Conj/Erth      #.....       41%         3    ####...
 Petrify                  Tmut/Erth      #.......     77%         4    #####..
 Lee's Rapid Deconstruct  Erth           #.........   90%         5    ######.


Dungeon Overview and Level Annotations

Branches:
Dungeon (1/15)

Altars:


Innate Abilities, Weirdness & Mutations

Your body is rotting away.
You thrive on raw meat.
You are immune to poison.
You have sharp fingernails.
You are carnivorous and can eat meat at any time.
Your flesh is cold resistant. (rC+)
You are immune to negative energy. (rN+++)
You do not regenerate when monsters are visible.
You are immune to unholy pain and torment.
You can survive without breathing.


Message History

The leopard gecko hisses angrily.
You hit the leopard gecko.
The leopard gecko bites you but does no damage.
You miss the leopard gecko. The leopard gecko closely misses you.
You miss the leopard gecko. The leopard gecko barely misses you.
The leopard gecko misses you.
You hit the leopard gecko.
The leopard gecko bites you but does no damage.
You miss the leopard gecko. The leopard gecko barely misses you.
You hit the leopard gecko but do no damage.
The leopard gecko hisses menacingly.
The leopard gecko closely misses you.
You hit the leopard gecko but do no damage.
The leopard gecko barely misses you.
You barely miss the leopard gecko. The leopard gecko barely misses you. x2
You hit the leopard gecko but do no damage.
The leopard gecko bites you.
You closely miss the leopard gecko. The leopard gecko misses you.
You closely miss the leopard gecko. The leopard gecko bites you.
You hit the leopard gecko but do no damage.
The leopard gecko closely misses you.
You hit the leopard gecko but do no damage.
The leopard gecko bites you.
* * * LOW HITPOINT WARNING * * *
The leopard gecko bites you but does no damage.
You miss the leopard gecko. The leopard gecko misses you.
You hit the leopard gecko but do no damage.
The leopard gecko barely misses you.
You miss the leopard gecko. The leopard gecko closely misses you.
You hit the leopard gecko.
The leopard gecko bites you but does no damage.
You miss the leopard gecko. The leopard gecko bites you.
* * * LOW HITPOINT WARNING * * *
The leopard gecko bites you but does no damage.
You closely miss the leopard gecko. The leopard gecko closely misses you.
You closely miss the leopard gecko. The leopard gecko closely misses you.
You completely miss the leopard gecko. The leopard gecko bites you.
* * * LOW HITPOINT WARNING * * *
You hit the leopard gecko. The leopard gecko bites you.
* * * LOW HITPOINT WARNING * * *
You barely miss the leopard gecko.
The leopard gecko hisses menacingly.
The leopard gecko bites you but does no damage.
The leopard gecko barely misses you.
You barely miss the leopard gecko. The leopard gecko bites you.
* * * LOW HITPOINT WARNING * * *
You barely miss the leopard gecko. The leopard gecko closely misses you.
You closely miss the leopard gecko. The leopard gecko barely misses you.
You closely miss the leopard gecko. The leopard gecko bites you.
You die...

######+## #########
#.......# #........
#.......# #.######.
#.......# #.# #.
#.......# #.#######
#.....l.# #.)......
#..$...@################
....................#
###################.#
#.......## #........###
#...........
#####+##..## #.###.##
#.# #.##


You could see a leopard gecko.

Vanquished Creatures
  An ooze (D:1)
  A dart slug (D:1)
  A leopard gecko (D:1)
  A bat (D:1)
  A giant cockroach (D:1)
  A goblin (D:1)
6 creatures vanquished.

Notes
Turn   | Place    | Note
-------+----------+-------------------------------------------
     0 | D:1      | MalarOregon the Ghoul Earth Elementalist began the quest
                  | for the Orb.
     0 | D:1      | Reached XP level 1. HP: 14/14 MP: 2/2
   379 | D:1      | Reached XP level 2. HP: 20/22 MP: 4/4
   604 | D:1      | Slain by a leopard gecko

Skill      XL: |  1 |
---------------+----+-----
Spellcasting   | 2 |  2.0
Fighting       | |  0.9
Dodging        | |  1.9
Stealth        | |  2.3
Transmutations | |  0.8
Earth Magic    | |  3.5

Action                   || total
-------------------------++-------
Melee: Unarmed           ||    54
 Stab: Sleeping          ||     1
Armor: Robe              ||    10
Dodge: Dodged            ||    31
